AoeStats
← 绣虎

Black Forest

509047961Analyzed
4v4 RM · 6d ago on Sep 25, 2026· 49m 3s· 8 players
Game mode
Random Map
Map size
Large (8 player)
Population
200
Speed
Normal
Resources
Standard
Victory
Conquest
Starting age
Dark Age
Ending age
Imperial Age
RankedLock teamsTeams togetherTeam positionsShared explorationLock speedFull tech treeHidden civsTurbo modeCheats
Victory
Defeat
🇺🇸 Teutons · United States
1122
+15
🇦🇺 Burgundians · Australia
1118
+15
🇭🇰 Varangians · Hong Kong SAR China
1074
+17
🇹🇼 Burmese · Taiwan
1064
+17
🇲🇽 Turks · Mexico
1170
-20
🇺🇸 Portuguese · United States
1069
-15
🇨🇳 Franks · China
1065
-15
🇨🇳 Mapuche · China
1054
-14
StandingTall
0:38 Loom
13:27 Feudal Age
14:17 Horse Collar
16:24 Wheelbarrow
19:47 Castle Age
18:07 Double-Bit Axe
18:14 Stone Mining
23:10 Heavy Plow
25:49 Gold Mining
32:05 Imperial Age
32:29 Hand Cart
32:47 Bow Saw
33:59 Husbandry
34:20 Burgundian Vineyards
35:16 Stone Shaft Mining
34:43 Pikeman
35:35 Forging
35:31 Scale Barding Armor
36:00 Crop Rotation
36:07 Gold Shaft Mining
35:21 Town Watch
36:23 Conscription
37:17 Squires
37:19 Scale Mail Armor
37:11 Light Cavalry
37:46 Halberdier
39:35 Chemistry
38:11 Hussar
44:21 Ballistics
46:30 Cavalier
47:49 Iron Casting
50:06 Blast Furnace
49:26 Chain Barding Armor
48:51 Treadmill Crane
49:32 Bombard Tower
jordham22
2:05 Loom
11:13 Feudal Age
15:33 Castle Age
14:57 Double-Bit Axe
15:00 Horse Collar
15:13 Gold Mining
15:13 Stone Mining
18:20 Bow Saw
22:29 Heavy Plow
24:39 Stone Shaft Mining
27:28 Wheelbarrow
26:38 Town Watch
29:40 Imperial Age
28:12 Bloodlines
29:22 Fortified Wall
29:26 Forging
29:22 Scale Barding Armor
31:25 Chemistry
29:48 Cavalier
31:05 Iron Casting
32:09 Paladin
33:52 Blast Furnace
33:12 Chain Barding Armor
36:12 Two-Man Saw
36:26 Plate Barding Armor
37:38 Crop Rotation
37:25 Hand Cart
37:10 Town Patrol
42:33 Caravan
JohTo
0:26 Loom
11:21 Feudal Age
14:09 Double-Bit Axe
16:29 Castle Age
19:07 Caravan
22:09 Wheelbarrow
23:11 Town Watch
24:53 Fervor
25:02 Horse Collar
25:40 Bow Saw
28:03 Hand Cart
29:14 Town Patrol
29:09 Gold Mining
29:09 Stone Mining
29:38 Scale Barding Armor
29:44 Heavy Plow
30:04 Fletching
30:41 Chain Barding Armor
34:15 Imperial Age
32:37 Forging
33:55 Iron Casting
34:54 Stone Shaft Mining
35:23 Coinage
35:36 Conscription
36:03 Plate Barding Armor
36:29 Blast Furnace
35:16 Vendel Legacy
35:33 Elite Jarl
38:07 Two-Man Saw
38:13 Bloodlines
38:03 Husbandry
37:28 Vendel Legacy
39:04 Pikeman
39:29 Gambesons
39:44 Squires
41:42 Chemistry
41:02 Ballistics
40:06 Halberdier
41:32 Devotion
41:31 Gothikon
42:31 Murder Holes
42:17 Treadmill Crane
42:47 Fletching
43:45 Crop Rotation
43:26 Bodkin Arrow
43:32 Elite Varangian Guard
46:26 Scale Mail Armor
48:21 Fortified Wall
48:21 Masonry
48:22 Siege Engineers
48:13 Light Cavalry
49:46 Banking
49:27 Guilds
49:49 Chain Mail Armor
49:36 Bracer
49:36 Padded Archer Armor
爺爺使把勁
0:37 Loom
11:53 Feudal Age
13:54 Horse Collar
16:22 Castle Age
17:10 Heavy Plow
17:55 Wheelbarrow
26:22 Stone Mining
29:43 Hand Cart
31:02 Forging
30:52 Scale Mail Armor
34:03 Imperial Age
31:28 Town Watch
33:04 Iron Casting
32:45 Chain Mail Armor
32:36 Scale Barding Armor
32:41 Caravan
33:39 Squires
33:25 Gambesons
33:01 Pikeman
34:03 Fortified Wall
33:34 Treadmill Crane
34:05 Masonry
34:16 Ballistics
34:11 Arson
36:01 Chemistry
35:07 Siege Engineers
35:23 Ballistics
35:13 Masonry
36:16 Blast Furnace
35:46 Plate Mail Armor
35:51 Conscription
36:02 Halberdier
37:34 Conscription
39:45 Chain Barding Armor
39:39 Bloodlines
39:29 Husbandry
38:51 Elite Battle Elephant
40:09 Crop Rotation
42:17 Town Patrol
rugiero569
4:12 Loom
12:56 Feudal Age
16:55 Castle Age
15:28 Double-Bit Axe
16:50 Gold Mining
18:32 Bow Saw
21:16 Imperial Age
19:36 Bow Saw
20:47 Fletching
23:59 Chemistry
24:06 Padded Archer Armor
26:23 Ballistics
26:24 Stone Mining
26:37 Bodkin Arrow
28:19 Bombard Tower
28:19 Bracer
30:26 Stone Shaft Mining
30:22 Leather Archer Armor
32:01 Ring Archer Armor
31:26 Crossbowman
32:12 Thumb Ring
33:52 Masonry
33:23 Treadmill Crane
33:21 Arbalester
35:42 Scale Barding Armor
35:47 Forging
36:18 Architecture
绣虎
0:27 Loom
12:53 Feudal Age
17:55 Castle Age
18:45 Double-Bit Axe
19:40 Wheelbarrow
22:03 Hand Cart
24:05 Forging
23:55 Scale Mail Armor
24:03 Scale Barding Armor
25:13 Bow Saw
25:40 Town Watch
26:20 Town Watch
28:12 Gold Mining
28:24 Stone Mining
31:40 Imperial Age
30:57 Gold Shaft Mining
31:02 Husbandry
30:25 Light Cavalry
31:41 Iron Casting
31:54 Chain Barding Armor
32:56 Conscription
33:20 Caravan
32:44 Cavalier
34:59 Plate Barding Armor
35:51 Blast Furnace
35:55 Paladin
boboaidy
11:19 Feudal Age
15:16 Castle Age
13:42 Double-Bit Axe
16:22 Loom
21:27 Horse Collar
22:01 Bow Saw
24:59 Wheelbarrow
26:12 Heavy Plow
26:08 Stone Mining
29:12 Imperial Age
28:10 Stone Shaft Mining
27:52 Hand Cart
30:12 Forging
29:58 Gold Mining
31:48 Iron Casting
30:44 Elite Kona
31:45 Conscription
31:35 Butalmapu
31:37 Caravan
31:52 Treadmill Crane
33:21 Blast Furnace
32:43 Malon
32:08 Elite Skirmisher
32:46 Fletching
32:56 Padded Archer Armor
34:01 Chemistry
33:22 Ballistics
33:03 Elite Bolas Rider
34:42 Bodkin Arrow
35:02 Leather Archer Armor
38:34 Ring Archer Armor
43:48 Pikeman
Gonnar
0:27 Loom
14:27 Feudal Age
21:04 Castle Age
19:40 Stone Mining
35:37 Imperial Age
34:11 Gold Mining
34:09 Double-Bit Axe
35:20 Bow Saw
39:49 Two-Man Saw
48:08 Artillery
Connection lost

Rejoining the realm…

Still unreachable

The connection could not be restored.

Session expired

The server has moved on; the page needs a fresh start.